Map: Abiogenesis LE

Players

Armadillo

  • Race: Terran Terran
  • League: Platinum
  • Spawn Location: 5:00

axu - Winner!

  • Race: Protoss Protoss
  • League: Platinum
  • Spawn Location: 11:00

VOD

Have the link to the VOD?

Description

Time

  • Played on: March 28, 2018, 11:49 a.m.
  • Length: 15:14
Show
View Real Time Build Order
Export as new Build Order

Armadillo Terran 

Build Orders: Liberator Opening, Reaper Expand, MMM Bio 

Get SALT Encoding   

  12  0:01  SCV  
  13  0:14  SCV  
  14  0:17  Supply Depot  
  14  0:26  SCV  
  15  0:39  SCV  
  15  0:41  Barracks  
  16  0:49  Refinery  
  16  0:51  SCV  
  17  1:03  SCV  
  18  1:16  SCV  
  19  1:28  Orbital Command  
  19  1:34  Reaper  
  20  1:42  Command Center  
  20  1:53  Barracks  
  20  1:57  SCV  
  21  2:18  Factory  
  21  2:23  Supply Depot  
  21  2:34  Refinery, Barracks Reactor  
  21  2:35  SCV  
  20  3:01  SCV  
  20  3:03  Orbital Command  
  21  3:07  Starport  
  21  3:13  SCV  
  22  3:20  Marine x2  
  22  3:23  Cyclone  
  27  3:31  Supply Depot  
  27  3:32  Liberator  
  27  3:34  SCV  
  27  3:35  SCV  
  27  3:38  Marine x2  
  34  3:56  Refinery, Marine x2  
  34  4:00  SCV x2  
  38  4:03  Hellion  
  40  4:13  SCV x2  
  40  4:14  Barracks Tech Lab  
  42  4:25  SCV x2  
  42  4:28  Hellion x2  
  48  4:41  Cloaking Field  
  48  4:42  Banshee  
  48  4:45  SCV x2  
  53  4:48  Engineering Bay  
  53  5:03  SCV  
  54  5:20  Bunker  
  53  5:35  SCV  
  53  5:40  Cyclone  
  53  5:42  Cyclone  
  51  5:52  Banshee  
  53  6:14  SCV  
  54  6:26  Barracks Tech Lab x2  
  54  6:45  Stimpack, Combat Shield  
  54  6:54  Cyclone  
  54  7:15  Banshee  
  54  7:16  Marauder x2, Cyclone, SCV x2  
  66  7:23  Supply Depot, Command Center  
  66  7:24  Supply Depot  
  66  7:26  Refinery  
  66  7:28  SCV x2  
  65  7:40  SCV x2  
  49  7:58  Banshee  
  48  8:16  SCV x2  
  50  8:28  SCV x2  
  52  8:35  Cyclone x2  
  52  8:36  Marauder x2  
  52  8:40  SCV x2  
  64  8:41  Banshee  
  67  8:52  SCV x2  
  67  8:54  Hyperflight Rotors  
  69  8:58  Marauder  
  65  9:18  Orbital Command  
  65  9:20  SCV  
  65  9:21  SCV  
  70  9:24  Cyclone  
  73  9:33  SCV x2  
  73  9:38  Starport, Terran Infantry Weapons Level 1  
  75  9:40  Engineering Bay  
  75  9:45  SCV x2  
  77  9:47  SCV  
  78  9:54  Marauder x2  
  78  9:57  SCV x2  
  80  10:16  Marauder  
  80  10:21  Medivac x2  
  83  10:29  Barracks  
  83  10:30  Barracks  
  83  10:38  Marauder x2  
  83  10:41  Cyclone  
  83  10:42  Cyclone  
  93  10:51  Supply Depot  
  93  10:52  Terran Infantry Armor Level 1  
  93  10:53  Supply Depot  
  93  10:57  Armory  
  93  11:00  Marauder  
  95  11:16  Medivac  
  94  11:19  Starport Reactor  
  94  11:23  Fusion Core  
  91  11:27  Barracks Tech Lab, Barracks Reactor  
  91  11:29  Cyclone x2  
  91  11:30  Marauder x2  
  91  11:32  SCV x2  
  103  11:40  Refinery  
  103  11:42  Refinery  
  103  11:46  Concussive Shells, Viking  
  105  11:51  Marauder  
  107  12:00  Liberator x2  
  107  12:02  SCV x3  
  107  12:06  Terran Infantry Weapons Level 2  
  107  12:08  Terran Ship Weapons Level 1  
  110  12:14  SCV, Corvid Reactor  
  117  12:34  Cyclone, Liberator  
  117  12:35  Marauder  
  117  12:36  Cyclone  
  96  12:50  SCV x2  
  97  12:55  Marauder  
  101  13:02  SCV  
  102  13:58  Liberator x2  
  102  14:14  Supply Depot x2  
  102  14:15  Marauder, Widow Mine x2, Marine x4  
  118  14:20  Command Center  
  118  14:35  Marine x4  
  118  14:36  Marine  
Show
View Real Time Build Order
Export as new Build Order

axu Protoss - Winner!

Build Orders: 1 Gate Expand, Blink Stalkers 

Get SALT Encoding   

  12  0:01  Probe  
  13  0:13  Probe  
  14  0:19  Pylon  
  14  0:25  Probe  
  15  0:38  Probe  
  15  0:40  Gateway  
  16  0:54  Probe (Chrono Boost)  
  17  0:57  Assimilator  
  17  1:06  Probe (Chrono Boost)  
  18  1:14  Probe (Chrono Boost)  
  19  1:23  Nexus  
  19  1:33  Cybernetics Core  
  19  1:45  Probe  
  20  1:49  Assimilator  
  20  1:57  Probe  
  20  2:00  Pylon  
  21  2:09  Probe  
  21  2:14  Warp Gate  
  22  2:19  Stalker (Chrono Boost)  
  22  2:22  Probe  
  25  2:34  Probe  
  25  2:54  Probe  
  25  2:55  Probe  
  27  3:07  Probe x2  
  29  3:13  Twilight Council, Stargate  
  29  3:16  Pylon  
  30  3:20  Gateway x2  
  30  3:21  Probe (Chrono Boost)  
  30  3:22  Probe (Chrono Boost)  
  31  3:31  Probe (Chrono Boost)  
  33  3:34  Probe (Chrono Boost)  
  33  3:36  Probe (Chrono Boost)  
  34  3:43  Probe  
  34  3:44  Pylon  
  34  3:47  Probe  
  36  3:54  Blink  
  36  3:55  Probe  
  37  3:59  Probe  
  38  4:05  Assimilator  
  38  4:07  Probe  
  38  4:09  Assimilator  
  41  4:11  Probe  
  41  4:13  Oracle (Chrono Boost)  
  43  4:20  Probe  
  43  4:24  Probe (Chrono Boost)  
  45  4:32  Probe (Chrono Boost)  
  45  4:36  Probe (Chrono Boost)  
  47  4:39  Stalker x3  
  53  4:54  Probe x2  
  55  5:06  Probe  
  56  5:10  Stalker x2  
  56  5:11  Stalker  
  62  5:22  Pylon  
  62  5:26  Pylon  
  57  6:05  Stalker x3  
  63  6:15  Gateway  
  63  6:16  Gateway  
  63  6:17  Templar Archives  
  63  6:20  Forge, Nexus  
  63  6:21  Forge  
  63  6:23  Pylon  
  63  6:25  Pylon  
  63  6:27  Pylon  
  63  6:34  Oracle (Chrono Boost)  
  63  6:37  Robotics Facility  
  57  6:57  Probe x2  
  57  7:00  Protoss Ground Weapons Level 1 (Chrono Boost), Protoss Ground Armor Level 1 (Chrono Boost)  
  59  7:08  Stalker x3  
  63  7:09  Probe  
  63  7:10  Probe  
  63  7:13  Psionic Storm  
  67  7:21  Probe  
  67  7:22  Probe  
  69  7:34  Probe  
  55  8:08  Stalker x3  
  55  8:09  Stalker x2  
  65  8:13  Observer  
  65  8:14  Probe x3  
  65  8:19  Shield Battery  
  69  8:21  Shield Battery, Photon Cannon  
  69  8:24  Shield Battery  
  69  8:25  Photon Cannon  
  69  8:26  Probe x3  
  72  8:28  Photon Cannon  
  72  8:38  Probe x3  
  75  8:42  Assimilator  
  75  8:44  Protoss Ground Weapons Level 2 (Chrono Boost)  
  75  8:45  Protoss Ground Armor Level 2 (Chrono Boost)  
  75  8:46  Assimilator  
  75  9:17  Stalker x2  
  75  9:18  Stalker x3  
  75  9:19  Probe  
  75  9:20  Probe x2  
  88  9:32  Probe x2  
  88  9:34  Pylon  
  88  9:35  Immortal (Chrono Boost)  
  88  9:37  Pylon  
  94  9:46  Probe x3  
  94  9:50  High Templar x4  
  105  9:58  Probe  
  106  10:07  Immortal (Chrono Boost)  
  100  10:38  Observer (Chrono Boost)  
  100  10:42  Zealot x2  
  103  10:43  Charge (Chrono Boost), Zealot x3  
  110  11:03  Immortal  
  112  11:20  Protoss Ground Weapons Level 3 (Chrono Boost), Protoss Ground Armor Level 3 (Chrono Boost)  
  112  11:29  High Templar x4  
  112  11:30  High Templar  
  122  11:33  Archon x2  
  122  11:50  Nexus  
  122  11:52  Pylon  
  122  11:54  Pylon  
  122  11:56  Pylon, Gateway  
  122  11:59  Pylon  
  122  12:00  Gateway  
  122  12:02  Gateway  
  122  12:04  Pylon  
  122  12:10  Immortal, Gateway  
  126  12:28  Pylon  
  126  12:30  Pylon  
  126  12:32  Stalker x3, Pylon  
  126  12:33  Stalker x2  
  126  12:36  Pylon  
  130  12:49  Immortal  
  134  12:59  Zealot  
  134  13:00  Zealot x4  
  144  13:17  Zealot x2  
  144  13:18  Zealot x2  
  152  13:36  Assimilator  
  152  13:40  Assimilator  
  152  13:42  Shield Battery  
  152  13:44  Shield Battery  
  152  13:46  Shield Battery  
  152  13:49  Photon Cannon  
  152  13:51  Photon Cannon  
  152  13:54  Photon Cannon  
  152  14:01  Stargate  
  152  14:02  Stargate  
  152  14:05  Stargate  
  152  14:10  Fleet Beacon  
Tags
 
Add a new tag
Caveats
  • Supply blocks, unpowered buildings, or Contaminate may cause inaccurate times.
  • Supply counts are checked every 10 seconds.